 Dungeon Crawl Stone Soup version 0.31-a0-466-g98c9adc2b6 (webtiles) character file.

Game seed: 15424655013699019416

11837 pokeman the Eclecticist (level 11, -3/57 (62) HPs)
             Began as a Deep Elf Hedge Wizard on Aug 5, 2023.
             Was a Follower of Vehumet.
             Killed by vampiric draining
             ... invoked by Josephine
              (13 damage)
             ... on level 10 of the Dungeon on Aug 6, 2023.
             The game lasted 00:34:06 (12958 turns).

pokeman the Eclecticist (Deep Elf Hedge Wizard)    Turns: 12958, Time: 00:34:06

HP:   -3/57 (62)    AC: 12    Str:  7    XL:     11   Next: 54%
MP:   21/33         EV: 12    Int: 24    God:    Vehumet [*.....]
Gold: 527           SH:  5    Dex: 14    Spells: 24/42 levels left

rFire   . . .        c - +8 trident of the Octopus King {venom, rElec rPois}
rCold   . . .        (no shield)
rNeg    . . .        O - +1 leather armour {rPois}
rPois   +            a - +0 helmet
rElec   +            T - +0 cloak
rCorr   .            r - +0 pair of gloves
SInv    .            (no boots)
Will    +....        q - amulet of reflection
Stlth   ++           j - +4 ring of protection
HPRegen 0.29/turn    w - ring of wizardry
MPRegen 0.23/turn

%: reflection, wizardry (x1)
@: very slightly contaminated, slowed, drained, very slow
A: no striking features
a: Renounce Religion


You were on level 10 of the Dungeon.
You worshipped Vehumet.
Vehumet was aware of your devotion.
You visited 2 branches of the dungeon, and saw 11 of its levels.
You also visited: Ossuary and Bailey.

You collected 710 gold pieces.
You spent 183 gold pieces at shops.

Inventory:

Hand Weapons
 c - the +8 trident of the Octopus King (weapon) {venom, rElec rPois}
   (You found it on level 2 of the Dungeon)

   rElec:     It insulates you from electricity.
   rPois:     It protects you from poison.
 k - the +7 staff of the Meek {protect, meekguard}
   (You found it on level 2 of the Dungeon)
Missiles
 m - 6 curare-tipped darts
 p - 4 throwing nets
Armour
 a - a +0 helmet (worn)
 r - a +0 pair of gloves (worn)
 D - a +3 scale mail of poison resistance
 N - a +0 kite shield of protection
 O - a +1 leather armour of poison resistance (worn)
 T - a +0 cloak (worn)
Magical Staves
 x - a staff of conjuration
Jewellery
 h - a ring of fire
 j - a +4 ring of protection (left hand)
 q - an amulet of reflection (around neck)
 w - a ring of wizardry (right hand)
 Q - a ring of wizardry
Wands
 u - a wand of roots (2)
 E - a wand of paralysis (6)
 P - a wand of flame (5)
Scrolls
 e - 5 scrolls of teleportation {unknown}
 g - 7 scrolls of identify {unknown}
 l - a scroll of immolation {unknown}
 o - 3 scrolls of noise {unknown}
 s - 3 scrolls of revelation
 v - 2 scrolls of blinking {unknown}
 y - a scroll of fog {unknown}
 B - a scroll of fear {unknown}
 C - 3 scrolls of enchant armour {unknown}
 F - 2 scrolls of butterflies {unknown}
 H - 2 scrolls of enchant weapon {unknown}
 J - a scroll of torment {unknown}
 L - a scroll of acquirement {unknown}
 R - a scroll of amnesia {unknown}
 S - a scroll of poison {unknown}
Potions
 b - 2 potions of mutation {unknown}
 d - a potion of magic
 f - a potion of invisibility {unknown}
 i - 7 potions of curing {unknown}
 n - a potion of resistance {unknown}
 t - 2 potions of brilliance {unknown}
 z - 2 potions of heal wounds {unknown}
 A - 2 potions of haste {unknown}
 G - a potion of berserk rage {unknown}
 I - 3 potions of cancellation {unknown}
 K - a potion of might {unknown}
Miscellaneous
 M - a phial of floods


   Skills:
 + Level 4.6 Fighting
 - Level 5.0 Armour
 - Level 3.0 Dodging
 - Level 3.0 Stealth
 * Level 16.0 Spellcasting
 + Level 9.4 Conjurations
 - Level 1.1 Summonings
 - Level 1.1 Translocations
 - Level 1.0 Transmutations
 + Level 7.0 Ice Magic
 - Level 1.1 Air Magic
 - Level 1.2 Poison Magic
 - Level 1.0 Evocations


You had 24 spell levels left.
You knew the following spells:

 Your Spells              Type           Power      Damage    Failure   Level
a - Magic Dart            Conj           100%       1d8       1%          1
b - Mephitic Cloud        Conj/Pois/Air  38%        N/A       1%          3
c - Call Imp              Summ           48%        N/A       1%          2
d - Blink                 Tloc           48%        N/A       1%          2
e - Freezing Cloud        Conj/Ice/Air   23%        6-21      4%          5
f - Irradiate             Conj/Tmut      22%        3d19      5%          5

Your spell library contained the following spells:

 Spells                   Type           Power      Damage    Failure   Level
 Shock                    Conj/Air       100%       1d9       1%          1
 Freeze                   Ice            100%       1d10      1%          1
 Slow                     Hex            76%        N/A       1%          1
 Cigotuvi's Dreadful Rot  Necr/Pois/Air  44%        N/A       1%          2
 Frozen Ramparts          Ice            100%       1d16      1%          3
 Hailstorm                Conj/Ice       56%        3d12      1%          3
 Sublimation of Blood     Necr           19%        N/A       2%          2
 Call Canine Familiar     Summ           24%        N/A       3%          3
 Ignite Poison            Fire/Tmut/Pois 22%        N/A       3%          3
 Portal Projectile        Hex/Tloc       42%        N/A       4%          3
 Petrify                  Tmut/Erth      21%        N/A       13%         4
 Leda's Liquefaction      Hex/Erth       9%         N/A       16%         4


Dungeon Overview and Level Annotations

Branches:
Dungeon (10/15)            Temple (1/1) D:6            Lair (0/5) D:9
Ossuary (visited)          Bailey (visited)
    Orc: D:9-12

Altars:
Ashenzari
Cheibriados
Dithmenos
Elyvilon
Fedhas
Gozag
Hepliaklqana
Kikubaaqudgha
Makhleb
Nemelex Xobeh
Okawaru
Qazlal
Ru
Sif Muna
Trog
Uskayaw
Vehumet
Wu Jian
Xom
Yredelemnul
Zin
The Shining One

Shops:
D:6 *   D:7 =   D:10 *

Annotations:
D:7 3 runed translucent doors, Newt's ghost, novice KoHu
D:10 Josephine


Message History

The ghostly flame explodes!
The ghostly fireball engulfs you!
You feel drained.
The ghostly fireball engulfs Josephine.
Josephine completely resists.
The ghostly fireball engulfs the wraith.
The wraith completely resists.
Your cerulean imp hits the wraith but does no damage.
The wraith closely misses your cerulean imp.
You hear a shout!
Unknown command.
Your cerulean imp hits the wraith but does no damage.
The wraith barely misses your cerulean imp.
Josephine hits your cerulean imp with a +0 dagger.
Your cerulean imp barely misses the wraith.
Unknown command.
Josephine hits your cerulean imp with a +0 dagger!
Your cerulean imp barely misses the wraith.
The wraith hits your cerulean imp.
The wraith drains your cerulean imp's vigour!
Your cerulean imp seems to slow down.
The wraith hits your cerulean imp.
Your cerulean imp dies!
Your cerulean imp disappears in a puff of smoke!
Unknown command.
A wraith comes into view.
Josephine hits you with a +0 dagger. The warg bites you but does no damage.
Unknown command.
Casting: Irradiate (dangerous; 5% risk of failure)
Confirm with . or Enter, or press ? or * to list all spells.
You erupt in a fountain of uncontrolled magic!
The wraith is blasted with magical radiation!!
You destroy the wraith!
Vehumet accepts your kill.
Josephine is blasted with magical radiation!
Josephine is almost dead.
The warg is blasted with magical radiation!!
The warg is severely wounded.
The warg twists and deforms.
Josephine draws life force from you!!
* * * LOW HITPOINT WARNING * * *
Josephine is healed by the life force!
The warg closely misses you. Josephine draws life force from you!
You die...

.###......# #..#)#
...'......# #.#.##
####......# # #.## #
#####'## ##.# ## #..# #>#
.# ###.#### ###W######## .#
##...~§P# #WW........# ####
.# #..~~§~.###h@........#
#... ##
#(P§§~~.#.'@.........# #...
.### #§§§§~~÷#.#..........#
#... .'.#
#§§§§~~.÷.#∩.........# +...
.#.# #§§.§..÷#.#..........#
#...
##.###§......#.#..........+
#...
#...'.......+.#..........#
#...
#####.......########..####
##+# ###.##### ##.######
#.. #.# #.......# ###


You could see Josephine (misshapen), 3 wraiths and a warg (misshapen).

Vanquished Creatures
  2 two-headed ogres
  An orc knight (Bailey)
  2 kobold demonologists (D:10)
  A komodo dragon (D:9)
  A shadow (D:8)
  2 wraiths (D:10)
  3 wyverns
  2 vampires (D:10)
  6 yaks (D:10)
  Menkaure (D:4)
  A steam dragon (D:8)
  A warg (D:7)
  Duvessa (D:5)
  An acid dragon (D:10)
  A black bear (D:5)
  An ice beast (D:6)
  15 orc warriors
  14 ogres
  3 centaurs
  2 kobold brigands (D:7)
  An elf zombie (Ossuary)
  2 bullfrogs
  5 scorpions
  3 gnoll sergeants
  8 wights
  Dowan (D:5)
  6 killer bees (D:9)
  9 howler monkeys
  2 centaur zombies
  2 human zombies (Ossuary)
  8 hounds
  2 jellies (D:5)
  4 gnoll boudas
  11 orc priests
  An iguana (D:7)
  An iron imp (D:4)
  3 sleepcaps
  11 orc wizards
  2 mummies (Ossuary)
  A howler monkey zombie (D:10)
  16 gnolls
  8 adders
  A white imp (D:6)
  A worm (D:2)
  3 dart slugs (D:2)
  59 orcs
  8 ball pythons
  5 endoplasms
  3 giant cockroaches
  7 goblins
  9 hobgoblins
  8 quokkas
  4 bats
  3 frilled lizards
  2 goblin zombies (Ossuary)
  10 hobgoblin zombies (Ossuary)
  A jackal zombie (Ossuary)
  14 kobolds
  9 kobold zombies (Ossuary)
  9 orc zombies (Ossuary)
  4 rats
  2 rat zombies (Ossuary)
330 creatures vanquished.

Vanquished Creatures (others)
  A wizard (D:6)
1 creature vanquished.

Grand Total: 331 creatures vanquished

Notes
Turn   | Place    | Note
-------+----------+-------------------------------------------
     0 | D:1      | pokeman the Deep Elf Hedge Wizard began the quest for the
                  | Orb.
     0 | D:1      | Reached XP level 1. HP: 10/10 MP: 7/7
   438 | D:1      | Found a faded altar of an unknown god.
   472 | D:1      | Reached XP level 2. HP: 16/16 MP: 5/9
  1475 | D:2      | Reached skill level 5 in Spellcasting
  1628 | D:2      | Reached XP level 3. HP: 6/20 MP: 2/11
  1633 | D:2      | Learned a level 3 spell: Mephitic Cloud
  1636 | D:2      | Learned a level 2 spell: Call Imp
  1639 | D:2      | Learned a level 2 spell: Blink
  1711 | D:2      | Found the +8 trident of the Octopus King {venom, rElec
                  | rPois}
  1724 | D:2      | Found the +7 staff of the Meek {protect, meekguard}
  1857 | D:2      | Reached skill level 1 in Fighting
  1930 | D:2      | Reached skill level 1 in Armour
  2167 | D:2      | You fall into a shaft and drop 2 floors!
  2190 | D:3      | Reached XP level 4. HP: 20/25 MP: 3/13
  3051 | D:3      | Identified the +8 long sword "Unekulesu" {heavy, Dex+3}
  3106 | D:3      | Reached skill level 6 in Spellcasting
  3341 | D:3      | Reached XP level 5. HP: 29/29 MP: 11/15
  3510 | D:3      | Found a shimmering altar of Xom.
  3621 | D:3      | Noticed an ogre
  3628 | D:3      | Killed an ogre
  3629 | D:3      | Reached skill level 1 in Poison Magic
  3758 | D:3      | Reached skill level 1 in Air Magic
  3903 | D:3      | Reached XP level 6. HP: 34/34 MP: 13/17
  4180 | D:4      | Noticed a wyvern
  4211 | D:4      | Reached skill level 7 in Spellcasting
  4330 | D:4      | Killed a wyvern
  4595 | D:4      | Found a snail-covered altar of Cheibriados.
  4605 | D:4      | Reached XP level 7. HP: 31/40 MP: 11/20
  4725 | D:4      | Noticed Menkaure
  4737 | D:4      | Killed Menkaure
  4738 | D:4      | Reached skill level 8 in Spellcasting
  5324 | D:5      | Entered Level 5 of the Dungeon
  5434 | D:5      | Reached skill level 9 in Spellcasting
  5434 | D:5      | Reached skill level 1 in Evocations
  5434 | D:5      | Noticed Dowan
  5444 | D:5      | Noticed Duvessa
  5633 | D:5      | Found an ornate altar of the Wu Jian Council.
  5723 | D:5      | Found a sand-covered staircase.
  5730 | Ossuary  | Entered an ossuary
  5847 | Ossuary  | Reached XP level 8. HP: 44/44 MP: 23/23
  5955 | Ossuary  | Reached skill level 5 in Conjurations
  6403 | D:5      | Reached skill level 10 in Spellcasting
  6832 | D:5      | Killed Dowan
  6845 | D:5      | Killed Duvessa
  7117 | D:6      | Learned a level 5 spell: Freezing Cloud
  7209 | D:6      | Found a staircase to the Ecumenical Temple.
  7224 | Temple   | Entered the Ecumenical Temple
  7258 | D:6      | Reached skill level 1 in Ice Magic
  7303 | D:6      | Reached skill level 11 in Spellcasting
  7410 | D:6      | Found Yca Ahe's Assorted Antiques.
  7413 | D:6      | Bought a green potion for 25 gold pieces
  7413 | D:6      | Bought a scroll labelled VEFAS KUCWIDO for 28 gold pieces
  7413 | D:6      | Bought a green potion for 25 gold pieces
  7574 | D:6      | Found a stormy altar of Qazlal.
  7718 | D:6      | Learned a level 5 spell: Irradiate
  7771 | D:6      | Found a bloodstained altar of Trog.
  7774 | D:6      | Noticed a wizard
  7779 | D:6      | Killed a wizard
  7951 | D:7      | Found a runed translucent gate.
  7954 | D:7      | Found a runed translucent gate.
  7954 | D:7      | Noticed a kobold demonologist
  7955 | D:7      | Found a runed translucent gate.
  7955 | D:7      | Noticed Newt's ghost (novice KoHu)
  7998 | D:7      | Found Gufu's Jewellery Shoppe.
  8034 | D:7      | Reached XP level 9. HP: 43/49 MP: 22/26
  8039 | D:7      | Reached skill level 1 in Transmutations
  8244 | D:7      | Reached skill level 12 in Spellcasting
  8421 | D:7      | Found a glowing silver altar of Zin.
  8807 | D:7      | Noticed a two-headed ogre
  8821 | D:7      | Killed a two-headed ogre
  8822 | D:7      | Reached skill level 13 in Spellcasting
  8822 | D:7      | Reached XP level 10. HP: 56/56 MP: 13/29
  9937 | D:8      | Reached skill level 14 in Spellcasting
  9952 | D:8      | Reached skill level 5 in Ice Magic
 10082 | D:8      | Found a flagged portal.
 10091 | Bailey   | Entered a bailey
 10402 | Bailey   | Noticed an orc knight
 10592 | Bailey   | Killed an orc knight
 10641 | Bailey   | Identified the +0 plate armour of Beyond {Dex+4}
 11316 | D:9      | Noticed a two-headed ogre
 11445 | D:9      | Reached XP level 11. HP: 13/61 MP: 10/31
 11613 | D:9      | Reached skill level 15 in Spellcasting
 11640 | D:9      | Killed a two-headed ogre
 11822 | D:9      | Reached skill level 5 in Armour
 11973 | D:9      | Found a radiant altar of Vehumet.
 11981 | D:9      | Became a worshipper of Vehumet
 12142 | D:9      | Found a staircase to the Lair.
 12366 | D:10     | Entered Level 10 of the Dungeon
 12619 | D:10     | Found Usegiafu's General Store.
 12626 | D:10     | Bought a scroll of revelation for 105 gold pieces
 12850 | D:10     | Reached skill level 16 in Spellcasting
 12854 | D:10     | Reached * piety under Vehumet
 12854 | D:10     | Offered knowledge of Shock by Vehumet.
 12912 | D:10     | Found a burning altar of Makhleb.
 12912 | D:10     | Noticed an Executioner
 12939 | D:10     | Noticed Josephine
 12958 | D:10     | Killed from afar by Josephine

Illustrated notes

Levels and vault maps discovered:
D:1:      mushboom_english_gardens, layout_basic,
          chequers_ecumenical_altar_lobes, serial_co_window_serial,
          co_window_paths_a, co_window_paths_a, co_window_of_opportunity_a,
          co_window_of_opportunity_a, co_window_corner_a, co_window_paths_b,
          co_window_paths_a, co_window_paths_a, co_window_paths_a,
          co_window_corner_cb, co_window_paths_c, co_window_corner_b,
          co_window_2corner, co_window_of_opportunity_b, co_window_corner_b,
          glass_columns_a, glass_columns_a, glass_columns_a
D:2:      layout_loops_ring, grunt_ministairs_3, minivault_4, nrook_uturn,
          chequers_serial_rivers_room_a, minmay_crystal_room, roderic_lattice_a,
          skrybe_limestone_x, hex_medium
D:3:      layout_loops_ring, lemuel_tele_altar, minmay_door_square, hex_tiny,
          hangedman_decor_growths, kennysheep_nondescript
D:4:      layout_basic, slow_altar_2, kennysheep_cross_bottleneck, uniq_menkaure
D:5:      layout_loops_corners, kennysheep_mini, nicolae_ossuary_entry_monument,
          uniq_duvessa
D:6:      layout_basic, trog_wizard, general_overflow_altar,
          minmay_temple_entry_large_hall, serial_shops, kennysheep_mini_moat,
          minmay_misc_feat_hallway, dk_noncrumbling_4
D:7:      lemuel_castle_with_subvaults [lemuel_castle_interior_carwin_1],
          layout_rooms, mainiacjoe_overflow_tiny_flanked,
          gammafunk_ghost_nasty_kobolds, serial_shops,
          nicolae_shop_pleasant_corner_grove
D:8:      layout_cave_pods, enter_bailey_2, hangedman_glass_teeth
D:9:      layout_rooms, mainiacjoe_overflow_boulevard, david_lair_shrubbed
D:10:     layout_roguey, makhleb_altar_promises_db, erik_orc_3, serial_undead,
          serial_undead_c, serial_undead_f, serial_undead_f, serial_undead_b,
          serial_undead_b, serial_undead_e, serial_shops, shop, uniq_josephine
Temple:   eino_temple_water

Skill      XL: |  1  2  3  4  5  6  7  8  9 10 11 |
---------------+----------------------------------+-----
Spellcasting   | 5 6 7 9 11 13 14 16 | 16.0
Fighting       | 1 2 4 |  4.6
Armour         | 1 2 3 4 5 |  5.0
Conjurations   | 2 3 4 6 7 8 9 |  9.4
Dodging        | 3 |  3.0
Stealth        | 3 |  3.0
Poison Magic   | 1 |  1.2
Air Magic      | 1 |  1.1
Evocations     | 1 |  1.0
Ice Magic      | 1 4 5 7 |  7.0
Transmutations | 1 |  1.0
Summonings     | |  1.1
Translocations | |  1.1

Action                     |  1- 3 |  4- 6 |  7- 9 | 10-12 || total
---------------------------+-------+-------+-------+-------++-------
  Melee: Whip              |     1 |       |       |       ||     1
         Trident           |     5 |    21 |   221 |   188 ||   435
         Punch             |       |       |     3 |       ||     3
   Cast: Magic Dart        |    91 |   101 |   134 |   111 ||   437
         Mephitic Cloud    |     1 |     7 |    24 |    46 ||    78
         Call Imp          |       |     1 |     7 |     6 ||    14
         Blink             |       |     1 |     7 |     2 ||    10
         Freezing Cloud    |       |       |     4 |    20 ||    24
         Irradiate         |       |       |       |     9 ||     9
  Evoke: Wand              |       |       |     7 |       ||     7
   Stab: Sleeping          |       |     1 |     4 |       ||     5
         Confused          |       |     2 |    15 |    15 ||    32
 Armour: Robe              |     9 |    11 |    65 |    14 ||    99
         Leather armour    |       |       |       |    49 ||    49
  Dodge: Dodged            |    15 |    15 |    99 |   133 ||   262
  Block: Other             |       |       |    36 |    59 ||    95
         Reflection        |       |       |     1 |       ||     1

Table legend: (Time is in decaauts)
 A = Elapsed time spent in this place.
 B = Non-inter-level travel time spent in this place.
 C = Inter-level travel time spent in this place.
 D = Time resting spent in this place.
 E = Time spent auto-exploring this place.
 F = Levels seen in this place.
 G = Mean time per level.
                   A        B        C        D        E       F      G
               +--------+--------+--------+--------+--------+-----+--------+
         Total |  13104 |  12546 |    558 |    302 |   9508 |  13 | 1008.0 |
       Dungeon |  12044 |  11486 |    558 |    273 |   8982 |  10 | 1204.4 |
        Temple |      1 |      1 |      0 |      0 |      0 |   1 |    1.0 |
       Ossuary |    479 |    479 |      0 |      0 |    247 |   1 |  479.0 |
        Bailey |    579 |    579 |      0 |     29 |    279 |   1 |  579.0 |
               +--------+--------+--------+--------+--------+-----+--------+

Top non-repeatable levels by time:
     D:7: 1809 daAuts
     D:2: 1615 daAuts
     D:3: 1431 daAuts
     D:8: 1292 daAuts
     D:5: 1271 daAuts
     D:1: 1249 daAuts
     D:4: 1103 daAuts
     D:6: 853 daAuts
     D:9: 811 daAuts
    D:10: 606 daAuts
  Bailey: 579 daAuts
 Ossuary: 479 daAuts
  Temple: 1 daAuts
